 Dungeon Crawl Stone Soup version 0.28-a0-751-gef3a642a4e (webtiles) character file.

Game seed: 15879520004165938126

2 willcat the Sneak (level 1, -1/13 HPs)
             Began as a Deep Elf Delver on Oct 30, 2021.
             Killed from afar by a white imp (7 damage)
             ... with a puff of frost
             ... on level 6 of the Dungeon.
             The game lasted 00:00:32 (414 turns).

willcat the Sneak (Deep Elf Delver)                  Turns: 414, Time: 00:00:33

Health: -1/13      AC:  7    Str:  9    XL:     1   Next: 25%
Magic:  3/3        EV:  8    Int: 14    God:
Gold:   7          SH:  0    Dex: 16    Spells: 0/0 levels left

rFire   . . .      SeeInvis .   h - +0 rapier
rCold   . . .      Faith    .   (no shield)
rNeg    . . .      Spirit   .   i - +0 scale mail
rPois   .          Reflect  .   (no helmet)
rElec   .          Harm     .   j - +0 cloak
rCorr   .          Rampage  .   (no gloves)
Will    .....                   (no boots)
Stlth   ++........              (no amulet)
HPRegen 0.04/turn               (no ring)
MPRegen 0.08/turn               (no ring)

@: no status effects
A: no striking features
a: no special abilities


You were on level 6 of the Dungeon.
You visited 1 branch of the dungeon, and saw 2 of its levels.

You collected 7 gold pieces.

Inventory:

Hand Weapons
 a - a +0 short sword
 h - a +0 rapier (weapon)
Armour
 b - a +0 leather armour
 i - a +0 scale mail (worn)
 j - a +0 cloak (worn)
Wands
 g - a wand of digging (3)
Scrolls
 c - a scroll of fog
 d - a scroll of magic mapping
 e - a scroll of fear
Potions
 f - a potion of haste


   Skills:
 - Level 2.4 Fighting
 + Level 2.0 Short Blades
 + Level 0.0 Armour
 + Level 2.5 Dodging
 + Level 6.0 Stealth


You couldn't memorise any spells.
You didn't know any spells.
Your spell library contained the following spells:

 Spells                   Type           Power      Damage    Failure   Level
 Sting                    Tmut/Pois      0%         1d3       94%         1
 Poisonous Vapours        Pois/Air       0%         N/A       98%         2
 Olgreb's Toxic Radiance  Pois           0%         N/A       100%        4


Dungeon Overview and Level Annotations

Branches:
Dungeon (6/15)
 Temple: D:4-7

Altars:


Message History

Things that are here:
a +0 dagger; a +0 scale mail; an orc corpse You start resting.
HP restored.
i - a +0 scale mail You start removing your armour.
You continue taking off your +0 leather armour. x4
You finish taking off your +0 leather armour.
You start putting on your armour.
You continue putting on your +0 scale mail. x5
You finish putting on your +0 scale mail.
Unknown command.
Found a stone staircase leading up.
There is an open door here.
You now have 7 gold pieces.
You pick up a Young Poisoner's Handbook and begin reading...
You add the spells Sting, Poisonous Vapours and Olgreb's Toxic Radiance to your library.
Found a stone staircase leading down.
Found a cloak.
A white imp comes into view.
A white imp is nearby!
You see here a +0 cloak.
j - a +0 cloak You start putting on your armour.
You continue putting on your +0 cloak. x4
You finish putting on your +0 cloak.
Unknown command.
Unknown command.
The white imp shouts!
The white imp gestures at you. The puff of frost hits you!
Ouch! That really hurt!
The white imp gestures at you. The puff of frost misses you.
The white imp hits you but does no damage.
You hit the white imp.
The white imp is heavily wounded.
The white imp gestures at you. The puff of frost hits you!
Ouch! That really hurt!
You die...

#.......#.###.........
#.....................
#.....................
#.....................
+.....................
#.....................
+................##....
#............######....
#.....##.......@.......
##....##.>......5......
#.....#####............
#....######.......#....
#....#............# ###
#....#'####.......#
#..................
##...................
.........<....####


You could see a white imp.

Vanquished Creatures
  An orc (D:6)
1 creature vanquished.

Notes
Turn   | Place    | Note
-------+----------+-------------------------------------------
     0 | D:5      | willcat the Deep Elf Delver began the quest for the Orb.
     0 | D:5      | Reached XP level 1. HP: 13/13 MP: 3/3
    46 | D:5      | Noticed an orc priest
   414 | D:6      | Killed from afar by a white imp

Illustrated notes

Levels and vault maps discovered:
D:5:      kennysheep_kobold_camp, layout_loops_corners,
          mainiacjoe_overflow_small_starburst, kennysheep_little_box,
          serial_shops, shop, minmay_manual_moon
D:6:      layout_basic, uniq_maggie

Action                   || total
-------------------------++-------
Melee: Rapier            ||    10
Armor: Leather armour    ||     3
       Scale mail        ||     1
Dodge: Dodged            ||     4

Table legend: (Time is in decaauts)
 A = Elapsed time spent in this place.
 B = Non-inter-level travel time spent in this place.
 C = Inter-level travel time spent in this place.
 D = Time resting spent in this place.
 E = Time spent auto-exploring this place.
 F = Levels seen in this place.
 G = Mean time per level.
                   A        B        C        D        E       F      G
               +--------+--------+--------+--------+--------+-----+--------+
         Total |    414 |    414 |      0 |    251 |     65 |   2 |  207.0 |
       Dungeon |    414 |    414 |      0 |    251 |     65 |   2 |  207.0 |
               +--------+--------+--------+--------+--------+-----+--------+

Top non-repeatable levels by time:
     D:6: 326 daAuts
     D:5: 87 daAuts
